 Dungeon Crawl Stone Soup version 0.15-a0-1224-g3833f9c (webtiles) character file.

1397 Quh the Archer (level 8, 0/54 HPs)
             Began as a High Elf Hunter on June 2, 2014.
             Was an Initiate of Okawaru.
             Slain by a killer bee (5 damage)
             ... on Level 6 of the Dungeon.
             The game lasted 00:36:37 (9187 turns).

Quh the Archer (High Elf Hunter)                    Turns: 9187, Time: 00:36:37

HP   0/54        AC  9     Str 11      XL: 8   Next: 41%
MP  13/13        EV 14     Int 15      God: Okawaru [......]
Gold 246         SH  0     Dex 18      Spells:  0 memorised,  7 levels left

rFire  + . .     SeeInvis .     a - +2,+3 great sword (freeze)
rCold  . . .     Clarity  .     u - +3 leather armour {rF+}
rNeg   . . .     rCorr    .     (no shield)
rPois  .         rRot     .     (no helmet)
rElec  .         Spirit   .     K - +0 cloak
SustAb .         Warding  .     (no gloves)
rMut   .         Stasis   .     B - +1 pair of boots
Gourm  .                        d - amulet of rage
MR     .....                    (no ring)
                                (no ring)

@: lethally poisoned, not resistant to hostile enchantments, fairly stealthy
A: no striking features
a: Renounce Religion, Evoke Berserk Rage


You were on level 6 of the Dungeon.
You worshipped Okawaru.
Okawaru was noncommittal.
You were not hungry.

You visited 2 branches of the dungeon, and saw 7 of its levels.

You collected 246 gold pieces.

Inventory:

Hand weapons
 a - a +2,+3 great sword of freezing (weapon)
 b - a +1,+1 shortbow
 y - a +0,+0 shortbow
 D - a +1,+0 short sword
 J - a +1,+6 spear of piercing
Missiles
 c - 30 arrows
Armour
 u - a +3 leather armour of fire resistance (worn)
 B - a +1 pair of boots (worn)
 K - a +0 cloak (worn)
Magical devices
 C - a wand of random effects (11) {unknown}
Comestibles
 f - 6 bread rations
 q - a slice of pizza
 z - a beef jerky
 A - 2 rotting chunks of giant frog flesh
 G - a royal jelly
 H - a meat ration
Scrolls
 e - 5 scrolls of remove curse
 g - a scroll of enchant weapon II {unknown}
 h - 4 scrolls of identify
 m - a scroll of amnesia {unknown}
 n - a scroll of teleportation
 o - a scroll of random uselessness {unknown}
 p - a scroll of fog {unknown}
 r - 2 scrolls of enchant weapon I {unknown}
 t - 2 scrolls of enchant armour
 F - a scroll of fear {unknown}
Jewellery
 d - an amulet of rage (around neck)
 w - an uncursed ring of teleportation
Potions
 i - 2 potions of restore abilities {unknown}
 j - 5 potions of curing
 k - 2 potions of haste
 l - a potion of heal wounds
 s - a potion of degeneration {unknown}
 v - a potion of lignification {unknown}
 x - a potion of flight {unknown}
 E - 2 potions of cure mutation {unknown}
 L - a potion of paralysis {unknown}


   Skills:
 + Level 4.5 Fighting
 * Level 10.5 Bows
 - Level 4.7 Dodging
 + Level 5.4 Stealth
 + Level 0.0 Invocations
 * Level 0.4 Evocations


You had 7 spell levels left.
You didn't know any spells.

Dungeon Overview and Level Annotations

Branches:
Dungeon (6/15)             Temple (1/1) D:4

Altars:
Ashenzari
Cheibriados
Dithmenos
Elyvilon
Gozag
Makhleb
Okawaru
Qazlal
Sif Muna
Vehumet
Xom
Yredelemnul
The Shining One

Shops:
D:5 }


Message History

Something hits you.
* * * LOW HITPOINT WARNING * * *
The killer bee stings you but does no damage.
The killer bee closely misses you.
Read which item? (? for menu, Esc to quit)
As you read the scroll of teleportation, it crumbles to dust.
You feel strangely stable. The killer bee barely misses you.
The killer bee stings you.
* * * LOW HITPOINT WARNING * * *
You are poisoned.
The killer bee poisons you!
The orc hits you from afar with a trident.
* * * LOW HITPOINT WARNING * * *
Something hits you but does no damage.
The killer bee stings you but does no damage.
The killer bee closely misses you.
You barely miss something.
* * * LOW HITPOINT WARNING * * *
You feel sick. The killer bee misses you. The killer bee stings you.
You die...

##..........)%.####..#
##.....#).......#..##
###########.......%.##
###.........))......###
#...###########.....#
..### #)..### ###
##y.## # #yy.## ####
#@.y.# ...# ###o...#
...###### #.##.#
......... ... ...
...###### #... ###
(......# #... .)####.#
..... #..# #.##. #..
#.#


You could see 4 killer bees and an orc.

Vanquished Creatures
  A centaur (D:5)
  2 ogres
  2 giant frogs
  A gnoll sergeant (D:6)
  3 wights (D:5)
  2 crimson imps (D:5)
  A gnoll shaman (D:4)
  5 orc wizards
  Crazy Yiuf (D:5)
  2 orc priests
  A hound (D:4)
  A worker ant (D:5)
  An iguana (D:5)
  A worker ant zombie (D:3)
  A scorpion zombie (D:3)
  9 adders
  14 gnolls
  4 worms
  An iguana zombie (D:5)
  An orc skeleton (D:5)
  9 giant geckos
  4 oozes
  18 orcs
  4 ball pythons
  8 bats
  A bat zombie (D:5)
  4 giant cockroaches
  11 hobgoblins
  15 jackals
  11 kobolds
  A quokka (D:5)
  6 giant newts
  A giant newt zombie (D:3)
  13 goblins
  A goblin skeleton (D:4)
  3 hobgoblin skeletons
  A hobgoblin zombie (D:3)
  A jackal skeleton (D:5)
  3 kobold skeletons
  An orc zombie (D:3)
  12 rats
182 creatures vanquished.

Notes
Turn   | Place    | Note
--------------------------------------------------------------
     0 | D:1      | Quh, the High Elf Hunter, began the quest for the Orb.
     0 | D:1      | Reached XP level 1. HP: 13/13 MP: 2/2
   558 | D:1      | Reached XP level 2. HP: 16/18 MP: 3/3
  1199 | D:1      | Reached XP level 3. HP: 16/24 MP: 5/5
  1657 | D:2      | Reached skill level 6 in Bows
  2616 | D:2      | Reached XP level 4. HP: 29/29 MP: 7/7
  3252 | D:3      | HP: 1/30 [poisoned by an adder]
  3973 | D:3      | Reached skill level 7 in Bows
  3973 | D:3      | Reached XP level 5. HP: 35/35 MP: 8/8
  5200 | D:4      | Reached skill level 8 in Bows
  5200 | D:4      | Reached XP level 6. HP: 32/42 MP: 10/10
  5519 | D:4      | Found a staircase to the Ecumenical Temple.
  5725 | D:4      | Noticed an ogre
  5741 | D:4      | Killed an ogre
  5985 | Temple   | Entered the Ecumenical Temple
  6002 | Temple   | Became a worshipper of Warmaster Okawaru
  6144 | D:4      | Reached XP level 7. HP: 38/46 MP: 12/12
  6151 | D:4      | Reached skill level 9 in Bows
  6474 | D:5      | Entered Level 5 of the Dungeon
  7640 | D:5      | Found Twur's Gadget Emporium.
  8015 | D:5      | Reached skill level 5 in Stealth
  8144 | D:5      | Reached XP level 8. HP: 51/54 MP: 13/13
  8252 | D:5      | Noticed Crazy Yiuf
  8261 | D:5      | Killed Crazy Yiuf
  8261 | D:5      | Reached skill level 10 in Bows
  9187 | D:6      | Slain by a killer bee

Action                   |  1- 3 |  4- 6 |  7- 9 || total
-------------------------+-------+-------+-------++-------
Melee: Short sword       |   166 |   276 |    88 ||   530
       Great sword       |       |       |    48 ||    48
 Fire: Shortbow          |    14 |   128 |   172 ||   314
  Use: Scroll            |       |     2 |     4 ||     6
       Potion            |       |       |     1 ||     1
 Stab: Sleeping          |     2 |     2 |     1 ||     5
       Distracted        |       |     1 |       ||     1
